 Dungeon Crawl Stone Soup version 0.20.1-1-g8b1a95d (webtiles) character file.

595 Nidhoragg the Covered (level 7, 0/61 HPs)
             Began as a Minotaur Fighter on Oct 23, 2017.
             Slain by Prince Ribbit (12 damage)
             ... on level 5 of the Dungeon.
             The game lasted 00:12:16 (3359 turns).

Nidhoragg the Covered (Minotaur Fighter)            Turns: 3359, Time: 00:12:16

Health: 0/61       AC: 11    Str: 22    XL:     7   Next: 16%
Magic:  6/6        EV:  9    Int:  5    God:
Gold:   239        SH:  9    Dex: 12    Spells: 6/6 levels left

rFire    . . .     SeeInvis .   a - +1 flail
rCold    . . .     Gourm    .   c - +0 shield
rNeg     . . .     Faith    .   g - +0 scale mail
rPois    .         Spirit   .   (helmet restricted)
rElec    .         Reflect  .   (no cloak)
rCorr    .         Harm     .   (no gloves)
MR       .....                  r - +2 pair of boots
Stlth    ..........             (no amulet)
Regen    0.2/turn               m - +2 ring of strength
MPRegen  0.1/turn               (no ring)

@: no status effects
A: retaliatory headbutt, horns 2
a: no special abilities


You were on level 5 of the Dungeon.
You were not hungry.

You visited 1 branch of the dungeon, and saw 5 of its levels.

You collected 239 gold pieces.

Inventory:

Hand Weapons
 a - a +1 flail (weapon)
Armour
 b - a +0 scale mail
 c - a +0 shield (worn)
 g - a +0 scale mail (worn)
 r - a +2 pair of boots (worn)
 t - a +0 chain mail
Jewellery
 m - a +2 ring of strength (left hand)
Wands
 h - a wand of confusion (34/48)
Scrolls
 e - 3 scrolls of teleportation
 i - 2 scrolls of remove curse
 l - 3 scrolls of identify
Potions
 d - 2 potions of might
 k - a potion of lignification
 n - 2 potions of curing
 p - a potion of brilliance
Comestibles
 f - 6 bread rations
 j - a meat ration
 o - a royal jelly
 q - 4 fruits
 s - 6 chunks of flesh


   Skills:
 * Level 5.4 Fighting
 + Level 5.6 Maces & Flails
 * Level 6.4 Armour
 * Level 3.0 Dodging
 - Level 3.6 Shields


You had 6 spell levels left.
You didn't know any spells.

Dungeon Overview and Level Annotations

Branches:
Dungeon (5/15)
 Temple: D:4-7

Altars:

Annotations:
D:2 1 runed door
D:5 Prince Ribbit


Innate Abilities, Weirdness & Mutations

You reflexively headbutt those who attack you in melee.
You have a pair of horns on your head.


Message History

Prince Ribbit closely misses you. x2
Found a stone staircase leading up.
You barely miss Prince Ribbit. Your headbutt misses Prince Ribbit.
Prince Ribbit is severely wounded.
Prince Ribbit barely misses you.
You barely miss Prince Ribbit. Your headbutt misses Prince Ribbit.
Prince Ribbit is severely wounded.
You block Prince Ribbit's attack. x2
You miss Prince Ribbit. Your headbutt misses Prince Ribbit.
Prince Ribbit is severely wounded.
Prince Ribbit hops awkwardly around.
Prince Ribbit hits you. Prince Ribbit hits you!
* * * LOW HITPOINT WARNING * * *
You hit Prince Ribbit but do no damage. You headbutt Prince Ribbit!
Prince Ribbit is almost dead.
Prince Ribbit hits you but does no damage.
Your shield and scale mail prevent you from hitting Prince Ribbit.
Prince Ribbit is almost dead.
Prince Ribbit hits you!
You die...

.#.#####.# .......#.#
.#.......# ...).....#
<........# # .......#.#.#
### .#.......#.# #....
.......@...# #.#(#
######F#.####### #.#.#
#.#...†...#
###.#.#########.#.#####.#
....#.#...=.......# #.#
#............##.#######.#
+.........>...#....<....#
#.................#######
.†....#.#+##.##...#


You could see Prince Ribbit.

Vanquished Creatures
  An ogre (D:4)
  A bullfrog (D:5)
  2 scorpions (D:4)
  2 hounds
  An orc wizard (D:3)
  2 worker ants
  Robin (D:3)
  11 adders
  A shadow imp (D:5)
  2 oozes
  3 worms
  A leopard gecko (D:5)
  3 orcs
  2 giant cockroaches
  19 goblins
  7 hobgoblins
  3 jackals (D:4)
  2 quokkas
  A ball python (D:3)
  4 bats
  4 frilled lizards
  8 kobolds
  A leopard gecko zombie (D:4)
  4 rats
86 creatures vanquished.

Notes
Turn   | Place    | Note
-------+----------+-------------------------------------------
     0 | D:1      | Nidhoragg the Minotaur Fighter began the quest for the Orb.
     0 | D:1      | Reached XP level 1. HP: 19/19 MP: 0/0
   418 | D:1      | Reached skill level 4 in Armour
   418 | D:1      | Reached XP level 2. HP: 24/27 MP: 1/1
  1053 | D:2      | Reached XP level 3. HP: 30/33 MP: 2/2
  1593 | D:2      | Reached skill level 1 in Dodging
  1685 | D:2      | Found a runed door.
  1885 | D:3      | Reached XP level 4. HP: 39/40 MP: 3/3
  1899 | D:3      | Noticed Robin
  1908 | D:3      | Killed Robin
  2013 | D:3      | Reached skill level 5 in Armour
  2057 | D:3      | Reached XP level 5. HP: 41/47 MP: 4/4
  2710 | D:4      | Reached XP level 6. HP: 55/55 MP: 5/5
  2925 | D:4      | Reached skill level 5 in Fighting
  2925 | D:4      | Reached skill level 6 in Armour
  2934 | D:4      | Reached skill level 5 in Maces & Flails
  3172 | D:5      | Entered Level 5 of the Dungeon
  3179 | D:5      | Reached XP level 7. HP: 61/61 MP: 6/6
  3330 | D:5      | Noticed Prince Ribbit
  3359 | D:5      | Slain by Prince Ribbit

Skill      XL: |  1  2  3  4  5  6  7 |
---------------+----------------------+-----
Armour         | 4 5 6 |  6.4
Fighting       | 4 5 |  5.4
Dodging        | 1 2 3 |  3.0
Maces & Flails | 3 4 5 |  5.6
Shields        | |  3.6

Action                   |  1- 3 |  4- 6 |  7- 9 || total
-------------------------+-------+-------+-------++-------
Melee: Flail             |    83 |   139 |    30 ||   252
       Headbutt          |    11 |    22 |     6 ||    39
  Use: Scroll            |     8 |     2 |     1 ||    11
       Potion            |       |     3 |       ||     3
  Eat: Chunk             |     3 |     4 |     1 ||     8
Armor: Scale mail        |    36 |    58 |     7 ||   101
Dodge: Dodged            |    33 |    54 |    11 ||    98
Block: Shield            |    45 |   104 |    23 ||   172
